 Dungeon Crawl Stone Soup version 0.25-a0-942-g87a53962fc (webtiles) character file.

Game seed: 7607415682537967584, levelgen mode: deterministic

799 kae the Frost Mage (level 7, -1/46 HPs)
             Began as a Merfolk Ice Elementalist on May 7, 2020.
             Was a Follower of Okawaru.
             Slain by a wight
             ... wielding a cursed +1 long sword of freezing
              (6 damage)
             ... on level 5 of the Dungeon.
             The game lasted 00:06:50 (5725 turns).

kae the Frost Mage (Merfolk Ice Elementalist)       Turns: 5725, Time: 00:06:50

Health: -1/46      AC:  4    Str: 11    XL:     7   Next: 90%
Magic:  14/14      EV: 11    Int: 14    God:    Okawaru [*.....]
Gold:   248        SH:  0    Dex: 14    Spells: 11/15 levels left

rFire    . . .     SeeInvis .   q - +0 spear
rCold    . . .     Gourm    .   (no shield)
rNeg     . . .     Faith    .   a - +0 robe
rPois    .         Spirit   .   e - +0 hat
rElec    .         Reflect  .   d - +1 cloak
rCorr    .         Harm     .   (no gloves)
MR       .....                  (no boots)
Stlth    ++........             n - amulet of regeneration
HPRegen  0.55/turn              f - ring of stealth
MPRegen  0.14/turn              g - ring of wizardry

@: heavily drained
A: change form in water, swift swim, stealthy swim
a: Heroism, Renounce Religion


You were on level 5 of the Dungeon.
You worshipped Okawaru.
Okawaru was aware of your devotion.
You were not hungry.

You visited 2 branches of the dungeon, and saw 6 of its levels.
You also visited: Sewer.

You collected 248 gold pieces.

Inventory:

Hand Weapons
 m - a +1 dagger
 q - a +0 spear (weapon)
Armour
 a - a +0 robe (worn)
 d - a +1 cloak (worn)
 e - a +0 hat (worn)
Jewellery
 f - a ring of stealth (left hand)
 g - a ring of wizardry (right hand)
 l - a +2 amulet of reflection {unknown}
 n - an amulet of regeneration (around neck)
Wands
 r - a wand of paralysis (12)
Scrolls
 b - a scroll of remove curse
 j - a scroll of random uselessness
 u - a scroll of identify
Potions
 h - 4 potions of curing
 i - a potion of brilliance {unknown}
 k - a potion of heal wounds
 o - 4 potions of haste {unknown}
 p - 2 potions of berserk rage {unknown}
 s - 2 potions of resistance {unknown}
 t - a potion of lignification {unknown}
Comestibles
 c - 4 rations


   Skills:
 - Level 2.6(0.0) Dodging
 - Level 2.1(0.0) Stealth
 + Level 4.8(1.9) Spellcasting
 * Level 8.9(5.7) Ice Magic


You had 11 spell levels left.
You knew the following spells:

 Your Spells              Type           Power        Failure   Level  Hunger
a - Freeze                Ice            ###.         1%          1    ##.....
b - Frozen Ramparts       Ice            ###...       2%          3    ####...

Your spell library contained the following spells:

 Spells                   Type           Power        Failure   Level  Hunger
 Ozocubu's Armour         Chrm/Ice       #.......     9%          3    ####...
 Magic Dart               Conj           #...         10%         1    ##.....
 Blink                    Tloc           N/A          16%         2    ###....
 Call Imp                 Summ           #.......     16%         2    ###....
 Slow                     Hex            #.......     16%         2    ###....
 Conjure Flame            Conj/Fire      #.......     28%         3    ####...
 Mephitic Cloud           Conj/Pois/Air  #.......     28%         3    ####...
 Hailstorm                Conj/Ice       #.......     28%         4    #####..
 Summon Ice Beast         Ice/Summ       #.......     28%         4    #####..


Dungeon Overview and Level Annotations

Branches:
Dungeon (5/15)             Temple (1/1) D:4           Sewer (visited)

Altars:
Ashenzari
Cheibriados
Dithmenos
Elyvilon
Fedhas
Gozag
Hepliaklqana
Kikubaaqudgha
Makhleb
Nemelex Xobeh
Okawaru
Qazlal
Ru
Sif Muna
Trog
Uskayaw
Vehumet
Wu Jian
Xom
Yredelemnul
Zin
The Shining One

Shops:
D:4 :

Annotations:
D:5 exclusion: phantom


Message History

The wight hits you with a cursed +1 long sword of freezing!
You feel drained. The wight freezes you.
You closely miss the wight.
The wight is moderately damaged.
The wight barely misses you.
You hit the wight but do no damage.
The wight is moderately damaged.
The wight hits you with a cursed +1 long sword of freezing!
* * * LOW HITPOINT WARNING * * *
You feel drained.
* * * LOW HITPOINT WARNING * * *
The wight freezes you.
* * * LOW HITPOINT WARNING * * *
You barely miss the wight.
The wight is moderately damaged.
The wight barely misses you.
You see here an inky potion.
i - an inky potion The wight hits you with a cursed +1 long sword of freezing.
You die...

).###.....# *.#
#.....#.#.#######.##
.........รท.........#
#.....#.#..#####...##
............# #..#..#
#....>#.#..## #.###.#
##...##.#.## #..#..#
..[.....#.# ##...#*
.........(# #@#.#
....############z#.#
##### *.......%...# #
*.#######.### # *,*
#.# # *,* #.# # *,*
#.# ### #.# #.# ..#
#.# #.#


You could see a wight.

Vanquished Creatures
  A sky beast (D:4)
  2 bullfrogs (Sewer)
  2 wights (D:5)
  A crimson imp (D:5)
  2 hounds
  An iguana (D:5)
  3 worker ants
  9 adders
  3 river rats (D:5)
  A shadow imp (D:5)
  11 oozes (Sewer)
  An adder skeleton (D:5)
  A worm (D:3)
  2 dart slugs
  13 leopard geckos
  3 orcs
  10 ball pythons
  9 giant cockroaches
  11 hobgoblins
  9 jackals
  A quokka (D:3)
  8 bats
  12 frilled lizards
  10 goblins
  A jackal skeleton (D:5)
  5 kobolds
  10 rats
142 creatures vanquished.

Notes
Turn   | Place    | Note
-------+----------+-------------------------------------------
     0 | D:1      | kae the Merfolk Ice Elementalist began the quest for the
                  | Orb.
     0 | D:1      | Reached XP level 1. HP: 13/13 MP: 3/3
   366 | D:1      | Reached XP level 2. HP: 18/19 MP: 3/5
   631 | D:1      | Reached skill level 5 in Ice Magic
   896 | D:1      | Reached XP level 3. HP: 16/24 MP: 3/6
  1910 | D:2      | Reached XP level 4. HP: 25/30 MP: 1/8
  2624 | D:3      | Found an opulent altar of Gozag.
  2693 | D:3      | Reached skill level 6 in Ice Magic
  2947 | D:3      | Reached XP level 5. HP: 35/35 MP: 7/9
  3188 | D:3      | Learned a level 3 spell: Frozen Ramparts
  3630 | D:4      | Found a staircase to the Ecumenical Temple.
  3653 | D:4      | Noticed a sky beast
  3665 | Temple   | Entered the Ecumenical Temple
  3830 | Temple   | Became a worshipper of Warmaster Okawaru
  4253 | D:4      | Found Kiuditea's Book Shop.
  4303 | D:4      | Killed a sky beast
  4303 | D:4      | Reached skill level 7 in Ice Magic
  4303 | D:4      | Reached XP level 6. HP: 41/41 MP: 3/11
  4398 | D:5      | Entered Level 5 of the Dungeon
  4454 | D:5      | Reached * piety under Okawaru
  4685 | D:5      | Found a glowing drain.
  4690 | D:5      | Reached XP level 7. HP: 46/46 MP: 6/13
  4696 | Sewer    | Entered a sewer
  5054 | Sewer    | Reached skill level 8 in Ice Magic
  5725 | D:5      | Slain by a wight

Levels and vault maps discovered:
D:1:      eino_arrival_cavern_b, layout_basic, minmay_tiny_reverse_x
D:2:      layout_loops_ring
D:3:      layout_basic, overflow_temple_1_default, first_ration
D:4:      layout_rooms, minmay_temple_entry_glass, serial_shops,
          nicolae_shop_temple_entry_statues_fountains
D:5:      layout_loops_ring, gup_sewer_entry_bubbles, uniq_blork_the_orc,
          uniq_prince_ribbit1
Temple:   regret_index_temple_sigil_plot

Skill      XL: |  1  2  3  4  5  6  7 |
---------------+----------------------+-----
Ice Magic      | 5 6 7 8 |  8.9
Spellcasting   | 3 4 |  4.8
Dodging        | |  2.6
Stealth        | |  2.1

Action                   |  1- 3 |  4- 6 |  7- 9 || total
-------------------------+-------+-------+-------++-------
Melee: Unarmed           |    15 |       |       ||    15
       Dagger            |     6 |    57 |    52 ||   115
       Spear             |       |       |    76 ||    76
       Tailslap          |       |       |     6 ||     6
 Cast: Freeze            |    59 |    71 |    44 ||   174
       Frozen Ramparts   |       |     3 |     6 ||     9
Invok: Heroism           |       |       |     4 ||     4
  Use: Scroll            |       |     9 |     2 ||    11
       Potion            |       |       |     2 ||     2
 Stab: Sleeping          |     1 |     9 |     5 ||    15
       Distracted        |       |       |     1 ||     1
  Eat: Chunk             |     4 |     6 |     4 ||    14
       Ration            |       |     1 |       ||     1
Armor: Robe              |    19 |    26 |    13 ||    58
Dodge: Dodged            |    38 |    76 |    91 ||   205

Table legend:
 A = Non-vault XP
 B = Vault XP
 C = Vault XP percentage of total XP
 D = Non-vault monster count
 E = Vault monster count
 F = Vault count percentage of total count
                 A         B        C        D         E       F
            +---------+---------+-------+---------+---------+-------
      Total |     728 |     414 |  36.3 |      87 |      55 |  38.7
            +---------+---------+-------+---------+---------+-------
        D:1 |      40 |       3 |   7.0 |      23 |       2 |   8.0
        D:2 |      68 |       0 |   0.0 |      20 |       0 |   0.0
        D:3 |      62 |       0 |   0.0 |      25 |       0 |   0.0
        D:4 |     207 |       0 |   0.0 |       4 |       0 |   0.0
        D:5 |     351 |      59 |  14.4 |      15 |       7 |  31.8
      Sewer |       0 |     352 | 100.0 |       0 |      46 | 100.0
            +---------+---------+-------+---------+---------+-------
